 Dungeon Crawl Stone Soup version 0.24-a0-201-gf2055891f0 (webtiles) character file.

Game seed: 8018591991361771372

3170 Orphidia the Geomancer (level 9, -13/45 HPs)
             Began as a Gargoyle Earth Elementalist on Mar 21, 2019.
             Was a Believer of Sif Muna.
             Mangled by an orc warrior
             ... wielding a +0 war axe
              (14 damage)
             ... in a bailey.
             The game lasted 00:24:01 (9754 turns).

Orphidia the Geomancer (GrEE)                       Turns: 9754, Time: 00:24:02

Health: -13/45     AC: 18    Str: 17    XL:     9   Next: 94%
Magic:  1/22       EV: 17    Int: 19    God:    Sif Muna [**....]
Gold:   231        SH:  0    Dex: 15    Spells: 15/26 levels left

rFire    + . .     SeeInvis .   h - +1 short sword (protect)
rCold    + . .     Gourm    .   (no shield)
rNeg     + . .     Faith    .   A - +2 robe {rC+ rF+}
rPois    ∞         Spirit   .   s - +0 helmet
rElec    +         Reflect  .   (no cloak)
rCorr    +         Harm     .   (no gloves)
MR       .....                  (no boots)
Stlth    ++........             E - amulet of the acrobat
HPRegen  0.15/turn              v - ring of attention (curse)
MPRegen  0.18/turn              C - ring of resist corrosion

@: mighty, agile, protection aura
A: negative energy resistance 1, electricity resistance, unbreathing,
petrification resistance, rot immunity, AC +6
a: Divine Energy, Renounce Religion


You were in a bailey.
You worshipped Sif Muna.
Sif Muna was pleased with you.
You were not hungry.

You visited 2 branches of the dungeon, and saw 9 of its levels.
You also visited: Bailey.

You collected 367 gold pieces.
You spent 136 gold pieces at shops.


Innate Abilities, Weirdness & Mutations

You are resistant to torment.
Your stone body is resilient. (AC +6)
You are immune to poison.
You resist negative energy. (rN+)
You are resistant to electric shocks. (rElec)
You can survive without breathing.
You are immune to petrification.
You are immune to rotting.


   Skills:
 - Level 1.5 Dodging
 - Level 2.1 Stealth
 - Level 9.0 Spellcasting
 - Level 0.7 Transmutations
 + Level 11.9 Earth Magic


You had 15 spell levels left.
You knew the following spells:

 Your Spells              Type           Power        Failure   Level  Hunger
A - Sandblast             Erth           ######       1%          1    None
B - Stone Arrow           Conj/Erth      ####..       2%          3    None
C - Passwall              Tmut/Erth      ####....     1%          2    None
D - Lee's Rapid Deconstr  Erth           ######....   1%          5    #####..

Your spell library contained the following spells:

 Spells                   Type           Power        Failure   Level  Hunger
 Petrify                  Tmut/Erth      ####....     6%          4    ###....

Action                   |  1- 3 |  4- 6 |  7- 9 || total
-------------------------+-------+-------+-------++-------
Melee: Unarmed           |    26 |       |       ||    26
       Dagger            |   194 |    15 |       ||   209
       Short sword       |       |   132 |   479 ||   611
Throw: Stone             |       |     2 |       ||     2
 Cast: Sandblast         |    31 |    35 |    83 ||   149
       Stone Arrow       |       |     1 |     5 ||     6
       Lee's Rapid Decon |       |       |     5 ||     5
Evoke: Wand              |       |       |     6 ||     6
  Use: Scroll            |     6 |     8 |     4 ||    18
       Potion            |       |       |     2 ||     2
 Stab: Sleeping          |     5 |       |     1 ||     6
       Distracted        |     1 |       |       ||     1
  Eat: Chunk             |     6 |     4 |     5 ||    15
       Ration            |       |     1 |     4 ||     5
Armor: Robe              |    81 |    48 |   301 ||   430
Dodge: Dodged            |   144 |   100 |   426 ||   670

Inventory:

Hand Weapons
 h - a +1 short sword of protection (weapon)
Missiles
 b - 192 stones (quivered)
Armour
 s - a +0 helmet (worn)
 A - a +2 robe of resistance (worn)
Jewellery
 v - a cursed ring of attention (left hand)
 C - a ring of resist corrosion (right hand)
 E - an amulet of the acrobat (around neck)
 H - an uncursed ring of flight
Wands
 q - a wand of digging (2)
 r - a wand of enslavement (1)
Scrolls
 c - 2 scrolls of noise {unknown}
 n - a scroll of enchant weapon
 p - 2 scrolls of remove curse
 t - 2 scrolls of blinking
 u - a scroll of teleportation
 w - a scroll of vulnerability {unknown}
 x - a scroll of amnesia {unknown}
 z - a scroll of random uselessness {unknown}
 B - a scroll of enchant armour {unknown}
 F - 3 scrolls of magic mapping {unknown}
Potions
 a - 3 potions of curing
 e - 3 potions of lignification
 f - a potion of invisibility
 g - 4 potions of heal wounds
 i - 2 potions of agility
 j - a potion of brilliance
 k - 2 potions of might
 l - 2 potions of mutation
 m - 2 potions of cancellation
 o - 2 potions of haste
 D - a potion of berserk rage {unknown}
Comestibles
 d - 11 rations
 G - 9 chunks of flesh {@w1}

#≈≈≈≈≈##...8...##
#≈≈≈≈≈#.........##
)#≈≈≈≈≈#..........#≈≈♣
.(((.K(((...8..8..#≈≈♣
.#########........#≈≈♣
##......##≈≈♣
#.....##...♣
.!g#....##....♣
8.8##...)#@....♣♣
...#...K.o......♣
....#.....')).∩.∩♣
....#.....(....(.♣
.8.8##....#.....♣♣
...?≈#....##....♣
..)≈#.....##...♣ ≈≈
#..... ##≈≈♣ #.....
#≈≈♣


You could see an orc warrior and a kobold.

Vanquished Creatures
  A two-headed ogre (D:8)
  An unseen horror (D:7)
  A hippogriff (D:6)
  2 phantoms
  A sky beast (D:7)
  A black bear (D:5)
  2 ogres
  3 wolves
  A centaur (D:7)
  A bullfrog (D:7)
  2 scorpions
  A water moccasin skeleton (D:7)
  6 crimson imps
  A jelly (D:6)
  3 bullfrog zombies
  4 hounds
  6 orc wizards
  3 orc priests
  2 bullfrog skeletons
  6 worker ants
  A killer bee zombie (D:5)
  A hound zombie (D:6)
  3 hound skeletons
  A worker ant zombie (D:5)
  2 howler monkey skeletons
  7 adders
  A shadow imp (D:5)
  3 oozes
  A worm (D:3)
  3 leopard geckos
  24 orcs
  4 giant cockroaches
  7 goblins
  8 hobgoblins
  16 jackals
  4 quokkas
  6 bats
  7 frilled lizards
  12 kobolds
  A quokka zombie (D:5)
  6 rats
  3 rat zombies (D:3)
169 creatures vanquished.

Vanquished Creatures (collateral kills)
  An ogre (D:8)
  An orc priest (D:6)
  3 orcs
  A quokka (D:8)
6 creatures vanquished.

Grand Total: 175 creatures vanquished

Levels and vault maps discovered:
D:1:      ncdulo_wetmaze, layout_rooms
D:2:      layout_basic, old_standard_altar, first_ration,
          nemelex_dance_club_becter
D:3:      layout_loops_ring, lemuel_zombie_altar_kikubaaqudgha,
          nicolae_overflow_crystal_walls, chequers_ecumenical_altar_twisty,
          item_on_display_b
D:4:      layout_cave_pods, minmay_temple_entry_glassed_door
D:5:      layout_basic, lemuel_crystal_altar, serial_shops, shop
D:6:      layout_basic, chequers_temple_overflow_statue_of_worship
D:7:      layout_basic, serial_rivers, chequers_serial_rivers_micro_a,
          chequers_serial_rivers_small_b, chequers_serial_rivers_large_a,
          chequers_serial_rivers_micro_c, chequers_serial_rivers_small_b
D:8:      layout_rooms, nicolae_ru_the_path_less_chosen, enter_bailey_6,
          uniq_grum
Temple:   minmay_freezing_vapour_temple
Bailey:   bailey_axe_bossmonster_kennysheep, bailey


Message History

Aim: an orc warrior, wielding a +0 war axe and wearing a +3 plate armour (almost dead)
The blast of sand hits the orc warrior.
The orc warrior is almost dead.
b - 192 stones The orc warrior misses you.
Evoke which item? (* to show all) (? for menu, Esc to quit)
Okay, then.
You feel very mighty all of a sudden.
You hit the orc warrior but do no damage.
Your weapon exudes an aura of protection.
The orc warrior is almost dead.
The orc warrior hits you but does no damage.
You barely miss the orc warrior.
The orc warrior is almost dead.
The orc warrior hits you with a +0 war axe!
* * * LOW HITPOINT WARNING * * *
You hit the orc warrior but do no damage.
The orc warrior is almost dead.
The orc warrior hits you with a +0 war axe!
You die...

Notes
Turn   | Place    | Note
-------+----------+-------------------------------------------
     0 | D:1      | Orphidia the Gargoyle Earth Elementalist began the quest
                  | for the Orb.
     0 | D:1      | Reached XP level 1. HP: 10/10 MP: 3/3
   180 | D:1      | Reached XP level 2. HP: 15/15 MP: 5/5
   213 | D:1      | Reached skill level 4 in Earth Magic
   810 | D:1      | Reached XP level 3. HP: 15/19 MP: 6/6
  1404 | D:2      | Found a glowing silver altar of Zin.
  2414 | D:2      | Found a sparkling altar of Nemelex Xobeh.
  2528 | D:3      | Found a white marble altar of Elyvilon.
  2563 | D:3      | Reached XP level 4. HP: 14/24 MP: 5/8
  2594 | D:3      | Learned a level 3 spell: Stone Arrow
  3264 | D:3      | Found a faded altar of an unknown god.
  3377 | D:3      | Found an ancient bone altar of Kikubaaqudgha.
  3432 | D:4      | Noticed a phantom
  3538 | D:4      | Killed a phantom
  3538 | D:4      | Reached skill level 5 in Earth Magic
  3538 | D:4      | Reached XP level 5. HP: 17/28 MP: 2/10
  3824 | D:4      | Found a staircase to the Ecumenical Temple.
  3837 | Temple   | Entered the Ecumenical Temple
  3872 | D:4      | Noticed a hippogriff
  3983 | D:3      | Reached skill level 6 in Earth Magic
  4150 | D:4      | Reached XP level 6. HP: 32/32 MP: 8/12
  4682 | D:5      | Entered Level 5 of the Dungeon
  4900 | D:5      | Noticed a black bear
  4908 | D:5      | Killed a black bear
  4908 | D:5      | Reached skill level 5 in Spellcasting
  4908 | D:5      | Reached skill level 7 in Earth Magic
  4908 | D:5      | Reached XP level 7. HP: 36/36 MP: 9/14
  4994 | D:5      | Found Eculeemn's Magic Scroll Emporium.
  5017 | D:5      | Bought a scroll of blinking for 97 gold pieces
  5017 | D:5      | Bought a scroll of teleportation for 39 gold pieces
  5117 | D:5      | Learned a level 2 spell: Passwall
  5123 | D:5      | Learned a level 5 spell: Lee's Rapid Deconstruction
  5226 | D:5      | Found an ornate altar of the Wu Jian Council.
  5652 | D:5      | Reached skill level 8 in Earth Magic
  5986 | D:5      | Reached XP level 8. HP: 41/41 MP: 9/16
  6343 | D:6      | Identified the +5 plate armour of Gravity {*Drain rElec
                  | rPois Dex+5}
  6397 | D:6      | Noticed a hippogriff
  6403 | D:6      | Killed a hippogriff
  6403 | D:6      | Reached skill level 9 in Earth Magic
  7629 | D:6      | Found an opulent altar of Gozag.
  7631 | D:6      | Found a deep blue altar of Sif Muna.
  7645 | D:6      | Became a worshipper of Sif Muna the Loreminder
  8027 | D:7      | Reached skill level 10 in Earth Magic
  8177 | D:7      | Reached XP level 9. HP: 45/45 MP: 16/20
  8931 | D:7      | Reached * piety under Sif Muna
  9413 | D:8      | Noticed Grum
  9423 | D:7      | Reached skill level 11 in Earth Magic
  9495 | D:7      | Killed an unseen horror
  9495 | D:7      | Reached ** piety under Sif Muna
  9530 | D:8      | Noticed a two-headed ogre
  9594 | D:8      | Found a flagged portal.
  9603 | Bailey   | Entered a bailey
  9695 | Bailey   | Noticed an orc warlord
  9743 | Bailey   | Identified the +7 lajatang of Plog {freeze, *Noise Fragile
                  | rElec Int+6}
  9753 | Bailey   | HP: 1/45 [orc warrior/+0 war axe (8)]
  9754 | Bailey   | Mangled by an orc warrior
